AoeStats
← Officer Friendly

Arena

510916309Analyzed
2v2 RM · 12h ago on Oct 3, 2026· 64m 13s· 4 players
Game mode
Random Map
Map size
Medium (4 player)
Population
200
Speed
Normal
Resources
Standard
Victory
Conquest
Starting age
Dark Age
Ending age
Imperial Age
RankedLock teamsTeams togetherTeam positionsShared explorationLock speedFull tech treeHidden civsTurbo modeCheats
Victory
Defeat
🇺🇸 Britons · United States
970
+12
🇺🇸 Georgians · United States
954
+12
🇲🇽 Poles · Mexico
881
-12
🇲🇽 Burmese · Mexico
881
-12
uzu
2:45 Loom
11:27 Feudal Age
12:10 Horse Collar
15:40 Wheelbarrow
20:19 Castle Age
20:03 Gold Mining
20:04 Stone Mining
22:43 Pikeman
23:38 Forging
23:28 Scale Mail Armor
23:38 Heavy Plow
26:18 Town Watch
27:54 Chain Mail Armor
28:26 Fervor
34:40 Imperial Age
33:35 Treadmill Crane
33:53 Murder Holes
34:56 Iron Casting
34:30 Scale Barding Armor
35:03 Hand Cart
35:13 Town Patrol
35:25 Husbandry
36:05 Ballistics
36:50 Crop Rotation
37:03 Conscription
36:36 Fletching
36:46 Padded Archer Armor
37:47 Elite Battle Elephant
39:26 Bloodlines
39:46 Squires
39:07 Halberdier
40:01 Light Cavalry
57:42 Blast Furnace
57:12 Plate Mail Armor
kevram35
1:18 Loom
10:34 Feudal Age
11:19 Double-Bit Axe
11:17 Horse Collar
12:14 Wheelbarrow
19:44 Castle Age
18:14 Bloodlines
18:21 Stone Mining
19:04 Forging
19:47 Scale Barding Armor
19:59 Light Cavalry
21:03 Husbandry
21:28 Heavy Plow
21:43 Scale Mail Armor
22:28 Bow Saw
22:20 Town Watch
25:43 Iron Casting
24:33 Pikeman
26:11 Gold Mining
26:54 Fervor
29:45 Murder Holes
30:11 Ballistics
33:18 Imperial Age
30:55 Squires
31:20 Chain Barding Armor
31:15 Chain Mail Armor
33:44 Hand Cart
33:14 Treadmill Crane
33:41 Capped Ram
34:01 Elite Skirmisher
35:52 Hoardings
37:26 Crop Rotation
38:36 Chemistry
38:32 Town Patrol
39:15 Plate Mail Armor
39:47 Blast Furnace
39:03 Siege Ram
41:17 Elite Obuch
44:59 Fletching
45:10 Padded Archer Armor
49:23 Winged Hussar
57:09 Szlachta Privileges
57:44 Bombard Tower
Bo Xilai stan
11:07 Feudal Age
11:34 Double-Bit Axe
11:30 Horse Collar
17:03 Castle Age
14:51 Loom
17:07 Gold Mining
17:09 Stone Mining
29:33 Imperial Age
30:08 Fletching
30:19 Padded Archer Armor
30:51 Town Watch
31:42 Wheelbarrow
32:35 Bow Saw
32:26 Heavy Plow
33:50 Hand Cart
33:36 Town Patrol
34:40 Two-Man Saw
34:18 Gold Shaft Mining
33:29 Elite Longbowman
35:21 Ballistics
36:07 Chemistry
36:00 Bodkin Arrow
36:20 Leather Archer Armor
36:12 Caravan
37:20 Warwolf
37:45 Yeomen
38:49 Masonry
38:21 Treadmill Crane
38:52 Fortified Wall
38:49 Siege Engineers
38:53 Bracer
39:24 Ring Archer Armor
41:43 Man-at-Arms
42:09 Gambesons
42:36 Long Swordsman
43:06 Pikeman
43:47 Squires
44:24 Long Swordsman
44:26 Halberdier
48:09 Two-Handed Swordsman
49:10 Forging
49:01 Scale Mail Armor
52:50 Iron Casting
55:19 Champion
55:49 Arson
57:13 Blast Furnace
56:29 Chain Mail Armor
58:45 Hoardings
58:31 Conscription
61:26 Architecture
60:52 Murder Holes
60:43 Arrowslits
61:34 Plate Mail Armor
63:45 Halberdier
64:21 Heated Shot
Officer Friendly
12:50 Feudal Age
13:26 Double-Bit Axe
13:50 Horse Collar
17:03 Forging
17:07 Bloodlines
21:24 Loom
23:42 Castle Age
23:18 Scale Barding Armor
26:08 Husbandry
26:57 Wheelbarrow
27:07 Iron Casting
29:37 Chain Barding Armor
29:09 Fletching
30:06 Squires
33:37 Imperial Age
31:26 Bow Saw
31:19 Heavy Plow
32:10 Pikeman
37:13 Blast Furnace
36:50 Plate Barding Armor
36:07 Capped Ram
36:16 Elite Monaspa
36:57 Bodkin Arrow
37:54 Hand Cart
37:29 Loom
57:16 Light Cavalry
64:10 Bracer
Connection lost

Rejoining the realm…

Still unreachable

The connection could not be restored.

Session expired

The server has moved on; the page needs a fresh start.